Map: Dusk Towers

Players

MorN

  • Race: Terran Terran
  • League: Master

Apocalypse - Winner!

  • Race: Protoss Protoss
  • League: Master

VOD

Have the link to the VOD?

Description

Time

  • Played on: Dec. 2, 2015, 11:35 p.m.
  • Length: 15:34
Show
View Real Time Build Order
Export as new Build Order

MorN Terran 

Build Orders: Cyclone Opening, MMM Bio 

Get SALT Encoding   

  12  0:01  SCV  
  13  0:13  SCV  
  14  0:17  Supply Depot  
  14  0:25  SCV  
  15  0:39  SCV  
  15  0:40  Barracks  
  16  0:45  Refinery  
  16  0:51  SCV  
  17  1:03  SCV  
  18  1:15  SCV  
  19  1:28  Marine, Orbital Command  
  20  1:41  Command Center  
  20  1:51  Factory  
  20  1:53  Marine  
  21  1:57  SCV  
  22  2:10  Marine  
  23  2:15  Supply Depot  
  23  2:34  Barracks  
  23  2:36  Factory Tech Lab  
  23  2:37  SCV, Marine  
  25  2:53  Orbital Command  
  25  2:54  Marine  
  25  2:55  Cyclone  
  29  2:59  SCV  
  30  3:06  Engineering Bay  
  30  3:09  Refinery  
  30  3:11  SCV  
  30  3:12  Marine  
  31  3:19  SCV  
  33  3:23  SCV, Barracks  
  34  3:31  SCV  
  34  3:33  Factory Reactor  
  35  3:35  SCV  
  35  3:39  Marine  
  35  3:40  Marine  
  38  3:43  Stimpack  
  38  3:44  SCV  
  39  3:50  SCV  
  40  3:56  SCV  
  40  4:01  Command Center  
  40  4:02  SCV  
  42  4:05  Barracks Tech Lab  
  42  4:07  Supply Depot  
  42  4:08  SCV  
  42  4:09  Refinery  
  43  4:20  Marine  
  43  4:21  SCV  
  43  4:22  Starport  
  43  4:23  SCV  
  46  4:24  Factory Reactor  
  46  4:26  Supply Depot  
  46  4:34  Marauder x2  
  46  4:35  SCV  
  51  4:41  Supply Depot  
  51  4:44  SCV  
  52  4:47  SCV  
  52  4:48  Marine x2  
  55  4:54  Terran Infantry Weapons Level 1  
  55  4:55  Supply Depot  
  55  5:05  Supply Depot  
  55  5:06  SCV x2  
  57  5:09  Marauder, Refinery, Factory Reactor, Marine  
  60  5:15  Orbital Command  
  60  5:20  Supply Depot  
  60  5:23  SCV x2  
  62  5:31  Medivac  
  62  5:32  Medivac  
  62  5:33  Combat Shields  
  66  5:35  SCV  
  66  5:38  Supply Depot  
  66  5:41  SCV  
  68  5:45  SCV  
  69  5:50  Concussive Shells  
  69  5:51  Supply Depot, Widow Mine x2  
  69  5:53  Marine x2  
  69  5:54  SCV  
  69  5:56  SCV  
  77  6:02  Supply Depot  
  77  6:07  Medivac x2  
  77  6:10  Marauder  
  77  6:11  SCV, Marauder  
  85  6:15  Supply Depot  
  85  6:16  Marine  
  87  6:22  Widow Mine  
  87  6:23  Widow Mine  
  91  6:30  Supply Depot, Orbital Command  
  91  6:33  SCV  
  91  6:34  Engineering Bay  
  91  6:36  Armory  
  91  6:37  Supply Depot  
  89  7:00  Marauder, Marine x2  
  89  7:01  Marauder  
  95  7:03  Widow Mine x2, Medivac x2  
  95  7:07  Barracks x2  
  103  7:14  SCV x3  
  106  7:16  Liberator  
  106  7:17  Liberator  
  106  7:23  Supply Depot, Marauder x2, Marine x2  
  106  7:26  SCV x3  
  115  7:30  Supply Depot  
  115  7:34  Widow Mine  
  123  7:38  SCV x3  
  123  7:44  Marauder, Marine x2  
  128  7:59  Barracks Reactor, Barracks Tech Lab  
  128  8:01  SCV x3  
  128  8:04  Supply Depot  
  128  8:05  Supply Depot, Refinery, Marine  
  129  8:06  Marauder, Supply Depot, Widow Mine x2, Marine  
  129  8:08  Terran Infantry Weapons Level 2  
  129  8:09  Terran Infantry Armor Level 1  
  137  8:15  SCV x2  
  88  8:52  SCV x3  
  86  9:04  SCV x3  
  86  9:09  Marine  
  95  9:10  Marauder x3, Marine x3  
  95  9:14  Supply Depot  
  95  9:16  SCV x3, Medivac, Widow Mine x2  
  95  9:17  Medivac  
  107  9:28  SCV x3  
  109  9:31  Liberator x2, Marauder  
  109  9:34  Marine x2  
  109  9:35  Marauder x2  
  109  9:37  Marine  
  109  9:38  Marine  
  117  9:40  SCV  
  117  9:45  Supply Depot  
  122  9:52  Marauder  
  122  9:59  Marauder, Marine x2  
  126  10:00  Marine x2  
  115  10:08  Marine  
  115  10:13  Marine  
  109  10:16  Marine  
  109  10:17  Marine  
  109  10:18  Marine x2  
  109  10:21  Marauder  
  115  10:26  Marauder  
  117  10:31  Marine  
  117  10:34  Marine x2  
  117  10:35  Ghost Academy  
  120  10:36  Marine  
  100  10:58  Marine  
  100  10:59  Marauder x2, Marine  
  100  11:00  Marauder  
  100  11:02  Marine x2  
  97  11:20  Marine x2  
  97  11:21  Marauder x2  
  97  11:25  Command Center  
  103  11:32  Widow Mine x2  
  103  11:33  Medivac x2  
  103  11:36  SCV x3  
  96  11:47  Marine x2  
  96  11:48  Marauder  
  87  11:55  Marine x2  
  87  11:56  Marauder x2  
  87  11:59  Terran Infantry Weapons Level 3  
  93  12:04  Liberator x2  
  93  12:08  SCV x3  
  93  12:10  Marauder  
  98  12:20  SCV x2  
  98  12:21  SCV  
  98  12:22  Marauder, Marine x2  
  111  12:23  Marauder  
  111  12:26  Widow Mine x2  
  117  12:32  SCV  
  117  12:35  Marauder, Marine  
  121  12:44  Marauder  
  123  12:48  Marine x2  
  123  12:49  Marauder  
  123  12:56  Ghost  
  116  13:04  Medivac  
  112  13:12  Marauder, Marine x2  
  113  13:18  Marauder, Marine  
  108  13:21  Marine  
  108  13:24  Marine  
  101  13:29  Barracks, Marine x2  
  101  13:31  Barracks  
  101  13:33  Barracks  
  101  13:34  Marauder  
  105  13:36  SCV x2  
  105  13:40  Marauder  
  109  13:43  Marauder  
  109  13:48  Marine x2  
  111  13:55  Marauder  
  115  13:57  Planetary Fortress  
  115  14:01  Marauder  
  117  14:06  Marine x2  
  117  14:07  Marauder  
  121  14:14  SCV x2  
  121  14:16  Marauder  
  125  14:23  Marine x2, Marauder  
  127  14:27  Ghost  
  127  14:29  Marine x2  
  127  14:30  Barracks Tech Lab  
  130  14:32  Barracks Tech Lab  
  130  14:37  Ghost  
  128  14:42  Marine x2  
  128  14:44  Marauder  
  132  14:45  Marine  
  132  14:46  Marine  
  132  14:48  SCV x2  
  136  14:56  Marauder  
  136  15:05  Marauder  
  136  15:06  Marauder  
  134  15:10  Marauder, Marine x2  
Show
View Real Time Build Order
Export as new Build Order

Apocalypse Protoss - Winner!

Build Orders: 1 Gate Expand 

Get SALT Encoding   

  12  0:01  Probe (Chrono Boost)  
  13  0:11  Probe (Chrono Boost)  
  14  0:18  Pylon  
  14  0:22  Probe (Chrono Boost)  
  15  0:36  Probe (Chrono Boost), Gateway  
  16  0:43  Assimilator  
  16  0:46  Probe (Chrono Boost)  
  18  0:57  Probe (Chrono Boost)  
  18  1:07  Probe (Chrono Boost)  
  19  1:18  Probe (Chrono Boost)  
  20  1:25  Nexus  
  20  1:28  Probe (Chrono Boost)  
  21  1:37  Cybernetics Core  
  21  1:41  Probe (Chrono Boost)  
  22  1:47  Pylon  
  22  1:52  Probe (Chrono Boost)  
  23  1:57  Assimilator  
  23  2:05  Probe (Chrono Boost)  
  24  2:09  Forge  
  24  2:14  Adept  
  26  2:16  Warp Gate  
  28  2:23  Mothership Core (Chrono Boost)  
  28  2:37  Probe (Chrono Boost)  
  28  2:41  Probe (Chrono Boost)  
  28  2:42  Protoss Ground Armor Level 1 (Chrono Boost)  
  28  2:43  Adept  
  32  2:49  Probe (Chrono Boost)  
  33  2:52  Probe (Chrono Boost)  
  34  3:00  Probe (Chrono Boost)  
  34  3:02  Probe (Chrono Boost)  
  36  3:10  Adept  
  36  3:12  Robotics Facility  
  38  3:15  Probe (Chrono Boost)  
  38  3:16  Probe (Chrono Boost)  
  40  3:26  Probe x2 (Chrono Boost)  
  40  3:27  Pylon  
  42  3:36  Probe (Chrono Boost)  
  42  3:37  Probe (Chrono Boost), Adept  
  46  3:44  Assimilator  
  46  3:46  Probe (Chrono Boost)  
  46  3:47  Probe (Chrono Boost)  
  48  3:56  Gateway x2, Probe  
  48  3:58  Probe  
  50  4:04  Warp Prism  
  50  4:08  Pylon  
  52  4:14  Probe  
  52  4:15  Pylon  
  52  4:16  Probe  
  54  4:20  Assimilator  
  54  4:22  Protoss Ground Weapons Level 1 (Chrono Boost)  
  54  4:27  Probe  
  54  4:29  Probe  
  54  4:30  Twilight Council  
  56  4:38  Probe  
  56  4:41  Probe  
  56  4:44  Sentry  
  60  4:48  Immortal (Chrono Boost)  
  60  4:51  Probe  
  65  4:53  Probe  
  66  5:04  Probe  
  66  5:05  Probe  
  68  5:08  Sentry, Resonating Glaives (Chrono Boost), Pylon  
  70  5:22  Nexus  
  70  5:26  Probe x2  
  70  5:27  Observer (Chrono Boost)  
  73  5:33  Sentry  
  73  5:34  Sentry  
  77  5:38  Probe  
  77  5:40  Pylon  
  78  5:53  Pylon  
  78  5:54  Pylon  
  78  5:58  Probe x2  
  78  5:59  Immortal, Gateway  
  84  6:05  Gateway  
  84  6:07  Sentry  
  84  6:11  Probe x2  
  88  6:14  Pylon  
  88  6:16  Pylon  
  88  6:19  Stalker x2  
  88  6:22  Photon Cannon  
  88  6:23  Probe  
  88  6:25  Protoss Ground Armor Level 2  
  93  6:26  Probe  
  94  6:34  Assimilator  
  94  6:35  Probe  
  94  6:36  Probe  
  94  6:37  Photon Cannon  
  94  6:38  Probe, Adept  
  94  6:39  Assimilator  
  99  6:53  Adept x2  
  94  6:59  Probe  
  94  7:00  Probe  
  96  7:03  Blink (Chrono Boost)  
  96  7:05  Pylon  
  96  7:13  Probe x2  
  98  7:17  Adept x3  
  98  7:19  Probe  
  105  7:23  Dark Shrine  
  105  7:25  Immortal, Probe  
  110  7:33  Gateway  
  110  7:35  Probe  
  110  7:36  Gateway  
  110  7:37  Probe  
  112  7:45  Adept  
  112  7:46  Adept x2  
  112  7:47  Probe  
  112  7:48  Probe  
  112  7:49  Probe  
  116  7:59  Probe  
  116  8:00  Probe  
  116  8:01  Adept  
  116  8:03  Stalker  
  122  8:08  Templar Archives  
  122  8:09  Probe x2  
  124  8:14  Probe  
  124  8:16  Photon Cannon  
  125  8:20  Probe  
  125  8:21  Probe  
  127  8:28  Adept x4  
  127  8:29  Adept  
  127  8:30  Probe x2  
  139  8:40  Probe  
  134  8:47  Probe  
  127  8:49  Stalker x5  
  137  8:56  Protoss Ground Armor Level 3  
  137  9:01  Stalker x2  
  135  9:12  High Templar x2  
  135  9:13  High Templar  
  135  9:16  Psionic Storm  
  141  9:20  Nexus  
  141  9:22  Pylon  
  125  9:39  Probe  
  125  9:40  Probe, Pylon  
  125  9:41  Stalker, Probe  
  125  9:42  Stalker x3, Pylon  
  136  9:47  Gateway x2  
  136  9:51  Assimilator  
  128  9:56  Assimilator  
  128  9:59  Pylon  
  110  10:16  Adept  
  110  10:17  Probe, Adept x6  
  110  10:18  Probe x2  
  127  10:26  Immortal  
  127  10:27  Probe  
  131  10:30  Probe  
  131  10:34  Gateway x2  
  133  10:37  High Templar  
  133  10:38  Pylon  
  133  10:39  High Templar  
  133  10:40  High Templar  
  133  10:42  High Templar x4  
  147  10:46  Archon x2  
  147  10:48  Adept x2  
  147  10:49  Probe  
  137  11:07  Probe  
  137  11:09  Probe x2  
  137  11:10  Stalker x2  
  144  11:13  Photon Cannon  
  144  11:15  Photon Cannon  
  144  11:16  Photon Cannon  
  144  11:18  Adept  
  144  11:19  Adept x6  
  144  11:23  Immortal  
  152  11:53  Stalker x3  
  152  11:54  Stalker x6  
  162  12:01  Gateway  
  162  12:02  Gateway  
  162  12:05  Pylon  
  162  12:07  Gateway  
  162  12:08  Pylon  
  162  12:10  Pylon  
  162  12:12  Adept  
  162  12:13  Photon Cannon  
  164  12:16  Photon Cannon, High Templar x2  
  164  12:17  High Templar x8  
  184  12:34  Adept  
  168  13:08  Stalker x5  
  168  13:09  Stalker x5  
  168  13:10  Stalker  
  180  13:26  Observer  
  177  13:28  Zealot  
  177  13:32  Zealot, Charge (Chrono Boost)  
  177  13:33  Zealot x9  
  199  13:40  Nexus  
  199  13:42  Robotics Bay, Pylon  
  199  13:44  Pylon  
  189  15:20  Archon  
  165  15:25  Archon  
  165  15:27  Stalker x11  
  165  15:28  Stalker x3  
Tags
 
Add a new tag
Caveats
  • Supply blocks, unpowered buildings, or Contaminate may cause inaccurate times.
  • Supply counts are checked every 10 seconds.